[Event "Titled Tuesday Blitz December 13 Early 2022"]
[White "Vianello, Enrico"]
[Black "Vifleemskaia, Svetlana"]
[WhiteFideId "810738"]
[BlackFideId "4129490"]
[WhiteElo "2096"]
[BlackElo "1930"]
[Result "0-1"]
[Round "04"]
[TimeControl "180+1"]
[Date "2022.12.14"]
[WhiteClock "0:00:16"]
[BlackClock "0:00:19"]

1. d4 Nf6 2. Bg5 Ne4 3. Bf4 d5 4. Nd2 Bf5 5. e3 c5 6. c3 Nc6 7. Bd3 Bg6 8. Bxe4 dxe4 9. h3 e6 10. Ne2 Bd6 11. Bxd6 Qxd6 12. Nf4 cxd4 13. cxd4 e5 14. Nxg6 Qxg6 15. O-O exd4 16. exd4 O-O 17. d5 Ne5 18. Qe2 f5 19. f4 Nd3 20. Nc4 Qf6 21. b3 Qd4+ 22. Ne3 g5 23. Kh1 gxf4 24. Nxf5 Qf6 25. Qg4+ Kh8 26. Nh4 Rg8 27. Qh5 Qg5 28. Qxg5 Rxg5 29. g4 Rxd5 30. Ng2 Rf8 31. Kg1 h5 32. Rad1 hxg4 33. hxg4 Rg5 34. Ne3 Rgg8 35. Nd5 Rxg4+ 36. Kh2 Rf5 0-1


[Site "https://www.chess.com"]

[Event "Titled Tuesday Blitz December 13 Early 2022"]
[White "Vovk, Orest"]
[Black "Maksimenko, Viktor"]
[WhiteFideId "14113490"]
[BlackFideId "13710478"]
[WhiteElo "2215"]
[BlackElo "2277"]
[Result "0-1"]
[Round "04"]
[TimeControl "180+1"]
[Date "2022.12.14"]
[WhiteClock "0:02:36"]
[BlackClock "0:02:23"]

1. h4 d5 2. h5 e5 3. h6 Nxh6 4. d4 Nc6 5. Bxh6 gxh6 6. dxe5 Nxe5 7. Nf3 Nxf3+ 8. gxf3 Bg7 9. Nc3 c6 10. e4 Qb6 11. Qd3 Qxb2 12. exd5 Qxc3+ 0-1


[Site "https://www.chess.com"]

[Event "Titled Tuesday Blitz December 13 Early 2022"]
[White "Wagner, Dennis"]
[Black "Bagwe Gaurang"]
[WhiteFideId "24650684"]
[BlackFideId "45039895"]
[WhiteElo "2470"]
[BlackElo "1847"]
[Result "1-0"]
[Round "04"]
[TimeControl "180+1"]
[Date "2022.12.14"]
[WhiteClock "0:00:04"]
[BlackClock "0:00:03"]

1. d4 d5 2. c4 c6 3. Nf3 Nf6 4. Nc3 dxc4 5. a4 Bf5 6. Ne5 Nbd7 7. Nxc4 Nb6 8. Ne5 Nfd7 9. e4 Nxe5 10. exf5 Ned7 11. a5 Nc8 12. Bd3 Nd6 13. O-O g6 14. d5 Bg7 15. Re1 Ne5 16. a6 cxd5 17. axb7 Rb8 18. Nxd5 O-O 19. Ba6 Nxf5 20. Bf4 f6 21. Rc1 e6 22. Nb4 Qb6 23. Qa4 Rxb7 24. Bxb7 Qxb7 25. Bxe5 fxe5 26. Nc6 Nh4 27. Qxa7 Qxb2 28. Rcd1 Nf5 29. Rd7 e4 30. Rf1 Qf6 31. g3 h5 32. Qa4 h4 33. Qxe4 hxg3 34. fxg3 Bh6 35. Ne5 Be3+ 36. Kg2 Nh4+ 37. gxh4 Qxf1+ 38. Kg3 Qg1+ 39. Qg2 Bf2+ 40. Kh3 Qxg2+ 41. Kxg2 1-0


[Site "https://www.chess.com"]

[Event "Titled Tuesday Blitz December 13 Early 2022"]
[White "Walentukiewicz, Michal"]
[Black "Bacrot, Etienne"]
[WhiteFideId "1126903"]
[BlackFideId "605506"]
[WhiteElo "2028"]
[BlackElo "2667"]
[Result "0-1"]
[Round "04"]
[TimeControl "180+1"]
[Date "2022.12.14"]
[WhiteClock "0:01:20"]
[BlackClock "0:00:56"]

1. g3 d5 2. Bg2 Nf6 3. c4 c6 4. cxd5 cxd5 5. Nf3 Nc6 6. O-O e5 7. d3 Bd6 8. Nc3 h6 9. a3 O-O 10. b4 a6 11. Bb2 Be6 12. Rc1 Re8 13. Na4 Qe7 14. Nc5 Bf5 15. Qb3 a5 16. e4 axb4 17. axb4 dxe4 18. dxe4 Bg4 19. h3 Bxc5 20. Rxc5 Be6 21. Qe3 Nd7 22. Rcc1 Qxb4 23. Bc3 Qc5 24. Qxc5 Nxc5 25. Nxe5 Nxe5 26. Bxe5 Nd3 27. Bf4 Nxc1 28. Bxc1 b5 29. Be3 b4 30. Rb1 b3 31. Bd4 Red8 32. Be5 f6 33. Bc3 Rac8 34. Bb2 Rc2 35. Ba3 Rdd2 0-1


[Site "https://www.chess.com"]

[Event "Titled Tuesday Blitz December 13 Early 2022"]
[White "Williams, Simon K"]
[Black "Korchmar, Vasiliy"]
[WhiteFideId "404454"]
[BlackFideId "24131750"]
[WhiteElo "2468"]
[BlackElo "2370"]
[Result "0-1"]
[Round "04"]
[TimeControl "180+1"]
[Date "2022.12.14"]
[WhiteClock "0:00:15"]
[BlackClock "0:00:03"]

1. d4 d5 2. c4 c6 3. Nc3 Nf6 4. Nf3 e6 5. Bg5 Nbd7 6. Qc2 dxc4 7. e4 b5 8. Be2 h6 9. Bh4 Bb7 10. O-O g5 11. Bg3 a6 12. Rfd1 Nh5 13. d5 Nxg3 14. hxg3 exd5 15. exd5 Bg7 16. Nd4 cxd5 17. Nf5 O-O 18. Nxd5 Bxd5 19. Rxd5 Qc7 20. Rd6 Nf6 21. Nxh6+ Bxh6 22. Rxf6 Bg7 23. Rf5 Qe7 24. Bf3 Rad8 25. Kf1 Bf6 26. Kg1 Kg7 27. Rf1 Rd4 28. b3 Rfd8 29. bxc4 bxc4 30. Qa4 c3 31. g4 Rxa4 0-1


[Site "https://www.chess.com"]

[Event "Titled Tuesday Blitz December 13 Early 2022"]
[White "Xie, Bryan"]
[Black "Maksimovic, Bojan"]
[WhiteFideId "30941296"]
[BlackFideId "14408120"]
[WhiteElo "2033"]
[BlackElo "2462"]
[Result "0-1"]
[Round "04"]
[TimeControl "180+1"]
[Date "2022.12.14"]
[WhiteClock "0:00:01"]
[BlackClock "0:00:05"]

1. e4 c5 2. Nf3 e6 3. d4 cxd4 4. Nxd4 a6 5. Nc3 b5 6. Be2 Bb7 7. Bf3 Nc6 8. O-O Nge7 9. e5 Qb8 10. Re1 Nxd4 11. Bxb7 Qxb7 12. Qxd4 Nc6 13. Qd1 Bb4 14. Qg4 Bxc3 15. bxc3 O-O-O 16. Ba3 f6 17. exf6 gxf6 18. Qf3 Rhg8 19. Rad1 Ne5 20. Qxb7+ Kxb7 21. Kf1 Nc6 22. Bd6 h5 23. Re3 Rg4 24. Red3 Kc8 25. Bc5 d5 26. Rh3 h4 27. Bd4 e5 28. Be3 Rc4 29. Bc1 a5 30. Rhd3 b4 31. Rxd5 Rxd5 32. Rxd5 Rxc3 33. Rd2 Nd4 34. Bb2 Rxc2 35. Rxc2+ Nxc2 36. Ke2 a4 37. Kd3 Ne1+ 38. Kc4 b3 39. axb3 axb3 40. g3 h3 41. Kxb3 Nf3 0-1


[Site "https://www.chess.com"]

[Event "Titled Tuesday Blitz December 13 Early 2022"]
[White "Xiong, Jeffery"]
[Black "Timofeev, Artyom"]
[WhiteFideId "2047640"]
[BlackFideId "4140419"]
[WhiteElo "2726"]
[BlackElo "2586"]
[Result "1/2-1/2"]
[Round "04"]
[TimeControl "180+1"]
[Date "2022.12.13"]
[WhiteClock "0:00:21"]
[BlackClock "0:00:55"]

1. e4 c5 2. Nf3 Nc6 3. Nc3 e5 4. Bc4 d6 5. d3 Be7 6. a4 Nf6 7. Bg5 O-O 8. Bxf6 Bxf6 9. Nd5 Be6 10. c3 g6 11. h4 h5 12. Qd2 Kg7 13. g3 Rb8 14. Ng5 Bxg5 15. hxg5 Ne7 16. Nf6 Ng8 17. Nxg8 Kxg8 18. f4 Bxc4 19. dxc4 exf4 20. Qxf4 Re8 21. O-O-O Re5 22. g4 Qxg5 23. Qxg5 Rxg5 24. gxh5 Rxh5 25. Rxh5 gxh5 26. Rxd6 Kg7 27. Kd2 Re8 28. Ke3 f5 29. Rd7+ Kg6 30. Rxb7 Rxe4+ 31. Kf3 h4 32. Rxa7 h3 33. Kg3 Re3+ 34. Kh2 Kg5 35. a5 Kh4 36. Rh7+ Kg4 37. Rg7+ Kh4 38. Rh7+ Kg4 39. Rg7+ Kh4 40. b4 Re2+ 41. Kh1 f4 42. a6 f3 43. Rh7+ Kg3 44. Rg7+ Kh4 45. Rh7+ Kg3 46. Rg7+ Kh4 1/2-1/2


[Site "https://www.chess.com"]

[Event "Titled Tuesday Blitz December 13 Early 2022"]
[White "Yeremyan, Alen"]
[Black "Krzywda, Andrzej"]
[WhiteFideId "13308998"]
[BlackFideId "1114565"]
[WhiteElo "2159"]
[BlackElo "2149"]
[Result "0-1"]
[Round "04"]
[TimeControl "180+1"]
[Date "2022.12.14"]
[WhiteClock "0:01:56"]
[BlackClock "0:01:15"]

1. e4 c5 2. g3 g6 3. Bg2 Bg7 4. Ne2 Nc6 5. O-O d6 6. c3 e5 7. d4 cxd4 8. cxd4 exd4 9. Na3 Nge7 10. Nb5 O-O 11. Bf4 Ne5 12. Nbxd4 d5 13. Bg5 f6 14. Bf4 dxe4 15. Nc3 f5 16. Qb3+ Kh8 17. Ne6 Bxe6 18. Qxe6 N7c6 19. Rad1 Qe8 20. Qxe8 Raxe8 21. Be3 Nd3 22. Rd2 Nce5 23. b3 Ng4 24. Nd5 Rd8 25. Nf4 Nxe3 26. fxe3 Ne5 27. Rc2 Rc8 28. Rfc1 Rxc2 29. Rxc2 Ng4 30. Nd5 Bh6 31. Rc3 Rd8 32. h3 Ne5 33. Nf4 Rd1+ 34. Kh2 Rd2 35. Ne6 Nf3+ 36. Kh1 Rd1+ 37. Bf1 Rxf1+ 38. Kg2 Rg1+ 39. Kf2 Kg8 40. Rc7 Ra1 41. Rxb7 Rxa2+ 42. Kf1 Bxe3 43. Rg7+ Kh8 44. Rf7 Rf2# 0-1


[Site "https://www.chess.com"]

[Event "Titled Tuesday Blitz December 13 Early 2022"]
[White "Yilmaz, Mustafa"]
[Black "Agasarov, Benik"]
[WhiteFideId "6302718"]
[BlackFideId "13314823"]
[WhiteElo "2564"]
[BlackElo "2179"]
[Result "1-0"]
[Round "04"]
[TimeControl "180+1"]
[Date "2022.12.13"]
[WhiteClock "0:00:34"]
[BlackClock "0:00:34"]

1. d4 Nf6 2. c4 e6 3. Nf3 d5 4. Nc3 Bb4 5. e3 O-O 6. Bd3 dxc4 7. Bxc4 c5 8. a3 Bxa3 9. Rxa3 a6 10. O-O Qc7 11. dxc5 Qxc5 12. Qd4 Qc7 13. Qf4 Qe7 14. Ne5 Nbd7 15. Be2 Rb8 16. Rd1 Nxe5 17. Qxe5 Bd7 18. Qd6 Qxd6 19. Rxd6 Rfc8 20. Ra1 b5 21. Rdxa6 b4 22. Nd1 Rd8 23. Bf3 e5 24. Rd6 e4 25. Be2 Bb5 26. Rxd8+ Rxd8 27. Bxb5 Rxd1+ 28. Bf1 h5 29. b3 Nd5 30. Bb2 Rd2 31. Bd4 h4 32. h3 f5 33. Bc4 1-0


[Site "https://www.chess.com"]

[Event "Titled Tuesday Blitz December 13 Early 2022"]
[White "Yuan, Qingyu"]
[Black "Farmani Anosheh, Armin"]
[WhiteFideId "8609772"]
[BlackFideId "24613240"]
[WhiteElo "2359"]
[BlackElo "2289"]
[Result "1-0"]
[Round "04"]
[TimeControl "180+1"]
[Date "2022.12.14"]
[WhiteClock "0:01:31"]
[BlackClock "0:00:01"]

1. e4 c5 2. Nf3 Nc6 3. Bb5 g6 4. O-O Bg7 5. Bxc6 bxc6 6. c3 Nf6 7. Re1 O-O 8. d4 d5 9. e5 Ne4 10. Be3 Rb8 11. Qc1 f6 12. Nbd2 Nxd2 13. Qxd2 Qb6 14. b3 cxd4 15. cxd4 Bg4 16. exf6 exf6 17. Nh4 g5 18. Nf3 Bxf3 19. gxf3 Qc7 20. Rac1 Qd7 21. Kg2 Rbc8 22. Qd3 Rfe8 23. Re2 Bf8 24. Rh1 Bd6 25. h3 h5 26. Qg6+ Qg7 27. Qxh5 Re7 28. Ree1 Rce8 29. Rc1 Bf4 30. Bxf4 gxf4+ 31. Qg4 Re2 32. Rxc6 Rxa2 33. Rxf6 1-0


[Site "https://www.chess.com"]

[Event "Titled Tuesday Blitz December 13 Early 2022"]
[White "Zaksaite, Salomeja"]
[Black "Vega Gutierrez, Sabrina"]
[WhiteFideId "12801496"]
[BlackFideId "2219026"]
[WhiteElo "2079"]
[BlackElo "2261"]
[Result "0-1"]
[Round "04"]
[TimeControl "180+1"]
[Date "2022.12.14"]
[WhiteClock "0:00:02"]
[BlackClock "0:00:18"]

1. e4 c5 2. Nf3 Nc6 3. Bb5 e6 4. O-O Nge7 5. b3 Nd4 6. Nxd4 cxd4 7. Bb2 a6 8. Be2 Nc6 9. c3 Bc5 10. Na3 O-O 11. Nc2 dxc3 12. Bxc3 d5 13. d4 Be7 14. exd5 exd5 15. Bf3 Be6 16. Ne3 Rc8 17. Qd3 Qd7 18. a3 Rc7 19. h3 Rfc8 20. Bb2 Na5 21. Rfc1 g6 22. Bc3 Nxb3 23. Bb2 Nxc1 24. Qd1 Qc6 25. Kh2 Bg5 26. Bxc1 Bxe3 27. Bxe3 Qc2 28. Qe1 Rc3 29. Rc1 Qb3 30. Rxc3 Qxc3 31. Qb1 b5 32. a4 b4 33. a5 b3 34. Qd1 b2 35. Qb1 Qc2 36. Qa2 b1=Q 0-1


[Site "https://www.chess.com"]

[Event "Titled Tuesday Blitz December 13 Early 2022"]
[White "Zemlyanskii, Ivan"]
[Black "Sarana, Alexey"]
[WhiteFideId "24249971"]
[BlackFideId "24133795"]
[WhiteElo "2107"]
[BlackElo "2708"]
[Result "0-1"]
[Round "04"]
[TimeControl "180+1"]
[Date "2022.12.13"]
[WhiteClock "0:00:03"]
[BlackClock "0:00:06"]

1. d4 Nf6 2. c4 e6 3. Nf3 d5 4. g3 Bb4+ 5. Bd2 Be7 6. Bg2 c6 7. O-O Nbd7 8. Qc2 O-O 9. Bf4 h6 10. Rd1 a5 11. Nbd2 Nh5 12. Be3 Nhf6 13. Bf4 g5 14. Be3 Ng4 15. Nf1 Nxe3 16. Nxe3 f5 17. g4 Nf6 18. gxf5 Qe8 19. Ne5 Bd6 20. fxe6 Bxe6 21. cxd5 cxd5 22. Qb3 Qh5 23. Nxd5 Kh8 24. Nxf6 Rxf6 25. Qb6 Bg8 26. Qxb7 Raf8 27. Rf1 Qxe2 28. Rae1 Qd2 29. Ng4 Rg6 30. Qe4 Bh7 31. Re2 Qb4 32. Qd5 Qb8 33. Ne5 Rg7 34. Nc6 Bxh2+ 35. Kh1 Qf4 36. Re4 Bxe4 37. Qxe4 Qxe4 38. Bxe4 Bd6 39. Nxa5 Rf4 40. f3 Rh4+ 41. Kg1 g4 42. Kf2 g3+ 43. Ke2 g2 44. Rg1 Bh2 45. Rxg2 Rxg2+ 46. Kd3 Rxb2 47. Nc4 Rxa2 48. d5 Ra6 49. Kd4 Bf4 50. Kc5 Rh1 51. d6 Rd1 52. Bd5 Bxd6+ 53. Nxd6 Ra5+ 54. Kc6 Raxd5 0-1


[Site "https://www.chess.com"]

[Event "Titled Tuesday Blitz December 13 Early 2022"]
[White "Zhalmakhanov, Ramazan"]
[Black "Babazada, Khazar"]
[WhiteFideId "13706357"]
[BlackFideId "13413554"]
[WhiteElo "2432"]
[BlackElo "2359"]
[Result "1-0"]
[Round "04"]
[TimeControl "180+1"]
[Date "2022.12.13"]
[WhiteClock "0:00:10"]
[BlackClock "0:00:17"]

1. e4 c5 2. Nc3 Nc6 3. Bb5 e6 4. Bxc6 bxc6 5. d3 Ne7 6. f4 d6 7. Nf3 f6 8. e5 Nf5 9. O-O Be7 10. exd6 Bxd6 11. Ne4 Be7 12. b3 h5 13. Qe1 O-O 14. Qf2 Qd5 15. Ba3 Nd6 16. Qxc5 Nf5 17. Qxd5 cxd5 18. Bxe7 Nxe7 19. Nc5 Kf7 20. Rfe1 Rb8 21. Nd4 Rb6 22. a4 a5 23. Re2 Rd8 24. Rae1 Rdd6 25. Kf2 h4 26. g4 g5 27. fxg5 e5 28. gxf6 Rxf6+ 29. Kg1 Ng6 30. g5 Rf4 31. Nb5 Bh3 32. Rf2 Rc6 33. d4 Rxf2 34. Kxf2 exd4 35. Nd3 Rxc2+ 36. Re2 Rxe2+ 37. Kxe2 Bf5 38. Nxd4 Be4 39. Ke3 h3 40. Nf2 Bg2 41. Nc6 Ke6 42. Nxa5 Ne7 43. b4 Kf5 44. Nb3 Kxg5 45. Nd4 Nc8 46. a5 Bf1 47. b5 Nd6 48. a6 Nxb5 49. Nxb5 Bxb5 50. a7 Bc6 51. Nxh3+ Kg4 52. Nf2+ Kf5 53. Kd4 1-0


[Site "https://www.chess.com"]

[Event "Titled Tuesday Blitz December 13 Early 2022"]
[White "Agasarov, Benik"]
[Black "Deac, Bogdan-Daniel"]
[WhiteFideId "13314823"]
[BlackFideId "1226380"]
[WhiteElo "2179"]
[BlackElo "2649"]
[Result "0-1"]
[Round "05"]
[TimeControl "180+1"]
[Date "2022.12.13"]
[WhiteClock "0:00:09"]
[BlackClock "0:00:10"]

1. e4 g6 2. d4 Bg7 3. Nc3 c5 4. dxc5 Bxc3+ 5. bxc3 Qa5 6. Qd4 Nf6 7. Qb4 Qc7 8. Bd3 Nc6 9. Qa4 Ne5 10. Be3 O-O 11. Ne2 Nfg4 12. Bd4 Nc6 13. h3 Nf6 14. Bxf6 exf6 15. O-O d6 16. cxd6 Qxd6 17. Rad1 Qe7 18. Nf4 Be6 19. Bc4 Rfd8 20. Bd5 Bd7 21. Qb3 Rab8 22. Rfe1 b6 23. Bc4 Na5 24. Nd5 Qc5 25. Qb4 Qxc4 26. Nxf6+ Kg7 27. Nxd7 Rbc8 28. Qe7 Qe6 29. Qxe6 fxe6 30. Rd3 Nc4 31. Rb1 Kf7 32. Rb4 Ke7 33. Rd4 b5 34. Rdxc4 Rxc4 35. Rxc4 bxc4 36. Ne5 Rd1+ 37. Kh2 Rd2 38. Nc6+ Kd7 39. Nxa7 Rxf2 40. Nb5 Rxc2 41. a4 Ra2 42. Kg3 e5 43. Kg4 Rxg2+ 44. Kh4 Ra2 45. Kg5 Rxa4 46. Kf6 Ra5 47. Kxe5 Rxb5+ 48. Kd4 Rh5 49. Kxc4 Rxh3 50. Kd4 Rg3 51. c4 h5 52. c5 h4 53. e5 Rg5 54. c6+ Kxc6 55. e6 Kd6 56. Ke4 Rf5 57. e7 Kxe7 0-1


[Site "https://www.chess.com"]

[Event "Titled Tuesday Blitz December 13 Early 2022"]
[White "Aizpurua, Patrick Emilio"]
[Black "Pein, Jonathan"]
[WhiteFideId "6600522"]
[BlackFideId "417092"]
[WhiteElo "2378"]
[BlackElo "2225"]
[Result "1-0"]
[Round "05"]
[TimeControl "180+1"]
[Date "2022.12.14"]
[WhiteClock "0:00:34"]
[BlackClock "0:00:14"]

1. c4 e6 2. e4 c5 3. Nf3 Nc6 4. d4 cxd4 5. Nxd4 a6 6. Nc3 Qc7 7. Be3 Nf6 8. Bd3 d6 9. O-O Ne5 10. Rc1 Bd7 11. h3 Rc8 12. b3 Nxd3 13. Qxd3 Bc6 14. Nd5 Qd8 15. Bg5 exd5 16. exd5 Bd7 17. Rfe1+ Be7 18. Bxf6 gxf6 19. Qg3 Kf8 20. Qh4 h5 21. Re3 f5 22. Qg3 h4 23. Qf4 Bg5 24. Qxd6+ Kg7 25. f4 Qf6 26. Ne6+ fxe6 27. fxg5 Qxg5 28. Qxd7+ Kh6 29. Rxe6+ Kh5 30. Qf7+ 1-0


[Site "https://www.chess.com"]

[Event "Titled Tuesday Blitz December 13 Early 2022"]
[White "Akylbekov, Nasyr"]
[Black "Lawson, Eric"]
[WhiteFideId "13800353"]
[BlackFideId "2604116"]
[WhiteElo "2310"]
[BlackElo "2515"]
[Result "0-1"]
[Round "05"]
[TimeControl "180+1"]
[Date "2022.12.14"]
[WhiteClock "0:02:52"]
[BlackClock "0:02:49"]

1. e4 c5 2. Nf3 Nc6 3. Nc3 Nf6 4. d4 cxd4 5. Nxd4 e5 6. Nxc6 bxc6 7. Bd3 Bc5 8. O-O h5 9. Qe2 Ng4 10. h3 Qh4 11. Nd1 Qg3 12. hxg4 hxg4 0-1


[Site "https://www.chess.com"]

[Event "Titled Tuesday Blitz December 13 Early 2022"]
[White "Albertini, Luca"]
[Black "Khamdamova, Afruza"]
[WhiteFideId "847038"]
[BlackFideId "14210444"]
[WhiteElo "2207"]
[BlackElo "2018"]
[Result "1-0"]
[Round "05"]
[TimeControl "180+1"]
[Date "2022.12.14"]
[WhiteClock "0:00:21"]
[BlackClock "0:00:14"]

1. e4 c5 2. Nf3 Nc6 3. Bb5 e6 4. O-O Nf6 5. Re1 Be7 6. e5 Nd5 7. c4 Nc7 8. Nc3 O-O 9. d4 cxd4 10. Nxd4 a6 11. Ba4 Bc5 12. Nxc6 dxc6 13. Qg4 b5 14. Bc2 Qd4 15. Ne4 Qxe5 16. Bf4 Qd4 17. Be3 Qxb2 18. Bxc5 Qxc2 19. Rac1 Qb2 20. Bxf8 Kxf8 21. Rcd1 Bb7 22. Rd7 Qb4 23. Red1 Qa5 24. Qh4 h6 25. Qe7+ 1-0


[Site "https://www.chess.com"]

[Event "Titled Tuesday Blitz December 13 Early 2022"]
[White "Alice, Mateus Felizardo Viageiro"]
[Black "Rangel, Daniel"]
[WhiteFideId "14800047"]
[BlackFideId "2124475"]
[WhiteElo "2189"]
[BlackElo "2225"]
[Result "0-1"]
[Round "05"]
[TimeControl "180+1"]
[Date "2022.12.14"]
[WhiteClock "0:00:02"]
[BlackClock "0:01:03"]

1. e4 c5 2. Nf3 g6 3. g3 Bg7 4. d3 Nc6 5. Bg2 d6 6. O-O e5 7. Nbd2 Nge7 8. Re1 O-O 9. c3 d5 10. Qc2 h6 11. exd5 Nxd5 12. Nb3 b6 13. a4 Bf5 14. Nh4 Be6 15. a5 Rb8 16. a6 Rc8 17. Ra3 Nde7 18. Be3 Nb4 19. Qb1 Nxd3 20. Rd1 c4 21. Nc1 g5 22. Nxd3 cxd3 23. Rxd3 Qc7 24. Ra4 gxh4 25. Rxh4 Bf5 26. Be4 Bxe4 27. Rxe4 f5 28. Rh4 Ng6 29. Rh5 f4 30. Bc1 Qf7 31. Rf3 e4 32. Qxe4 Rce8 33. Qc2 Ne5 0-1


[Site "https://www.chess.com"]

[Event "Titled Tuesday Blitz December 13 Early 2022"]
[White "Aloma Vidal, Robert"]
[Black "Jimenez Almeida, Luis David"]
[WhiteFideId "2260409"]
[BlackFideId "22242244"]
[WhiteElo "2435"]
[BlackElo "2158"]
[Result "0-1"]
[Round "05"]
[TimeControl "180+1"]
[Date "2022.12.14"]
[WhiteClock "0:00:23"]
[BlackClock "0:00:25"]

1. e4 Nf6 2. e5 Nd5 3. d4 d6 4. Bc4 Nb6 5. Bb3 dxe5 6. Qh5 e6 7. dxe5 c5 8. c3 Nc6 9. Nf3 Qd3 10. Nbd2 Be7 11. Bd1 O-O 12. Be2 Qg6 13. Qh3 Nd7 14. O-O Ndxe5 15. Nxe5 Nxe5 16. f4 Nc6 17. Bd3 f5 18. Nf3 Bf6 19. Be3 b6 20. Rad1 Kh8 21. Bb5 Ne7 22. c4 Bxb2 23. Rd3 Bf6 24. Bf2 Bb7 25. Ne5 Bxe5 26. fxe5 Rfd8 27. Rg3 Qf7 28. Be3 Ng6 29. Bg5 Rd4 30. Ba4 Rxc4 31. Bb3 Re4 32. Bc1 c4 33. Bc2 Rxe5 34. Qh5 Kg8 35. Rh3 Nf8 36. Qh4 Re2 37. Bd1 Rxg2+ 38. Kh1 Rg4+ 0-1


[Site "https://www.chess.com"]

[Event "Titled Tuesday Blitz December 13 Early 2022"]
[White "Ambartsumova, Karina"]
[Black "Jaskolka, Tomasz"]
[WhiteFideId "4166299"]
[BlackFideId "1170791"]
[WhiteElo "2319"]
[BlackElo "2126"]
[Result "0-1"]
[Round "05"]
[TimeControl "180+1"]
[Date "2022.12.14"]
[WhiteClock "0:00:05"]
[BlackClock "0:01:36"]

1. Nf3 Nf6 2. d4 d5 3. c4 c6 4. g3 Bg4 5. Ne5 Bf5 6. Qb3 Qb6 7. c5 Qc7 8. Bf4 Qc8 9. Nc3 e6 10. Bg2 Nbd7 11. O-O Be7 12. f3 Nxe5 13. Bxe5 O-O 14. e4 Bg6 15. Rae1 Rd8 16. Bxf6 Bxf6 17. e5 Be7 18. f4 Bd3 19. Rf2 Ba6 20. Qc2 g6 21. h4 b6 22. cxb6 axb6 23. h5 c5 24. Na4 Qc6 25. b3 Bb5 26. Nc3 cxd4 27. Nxb5 Qxb5 28. hxg6 hxg6 29. Bf3 d3 30. Qd2 Bb4 31. Qd1 Bc5 32. Qd2 Rdc8 33. Bd1 Bb4 34. Qe3 Rxa2 35. Ref1 Rxf2 36. Rxf2 Bc5 37. Qf3 Bxf2+ 38. Qxf2 Qc5 39. Bf3 Qxf2+ 40. Kxf2 Rc3 0-1


[Site "https://www.chess.com"]

[Event "Titled Tuesday Blitz December 13 Early 2022"]
[White "Andreassen, Lars"]
[Black "Ionescu, Mihai"]
[WhiteFideId "1504878"]
[BlackFideId "1202499"]
[WhiteElo "2119"]
[BlackElo "2284"]
[Result "1-0"]
[Round "05"]
[TimeControl "180+1"]
[Date "2022.12.14"]
[WhiteClock "0:01:50"]
[BlackClock "0:00:07"]

1. d4 d5 2. Nf3 Nf6 3. c4 c6 4. Nc3 e6 5. Bg5 Nbd7 6. e3 Be7 7. Bd3 h6 8. Bh4 dxc4 9. Bxc4 b5 10. Bb3 Bb7 11. O-O a6 12. e4 O-O 13. a4 b4 14. e5 Ne8 15. Bxe7 Qxe7 16. Ne4 c5 17. Nxc5 Nxc5 18. dxc5 Qxc5 19. Rc1 Qb6 20. Qd4 Qa5 21. Rc5 Qb6 22. Rfc1 Bxf3 23. gxf3 Rd8 24. Qe3 g5 25. a5 Qa7 26. f4 Ng7 27. fxg5 hxg5 28. Qxg5 Rd4 29. Rc8 Qd7 30. Rxf8+ Kxf8 31. h3 Nf5 32. Qf6 Rh4 33. Rd1 1-0


[Site "https://www.chess.com"]

[Event "Titled Tuesday Blitz December 13 Early 2022"]
[White "Andreikin, Dmitry"]
[Black "Vokhidov, Shamsiddin"]
[WhiteFideId "4158814"]
[BlackFideId "14204223"]
[WhiteElo "2735"]
[BlackElo "2597"]
[Result "1-0"]
[Round "05"]
[TimeControl "180+1"]
[Date "2022.12.13"]
[WhiteClock "0:00:06"]
[BlackClock "0:00:06"]

1. d4 Nf6 2. c4 e6 3. Nf3 d5 4. g3 dxc4 5. Bg2 Nc6 6. O-O Rb8 7. Bg5 Be7 8. e3 b5 9. b3 O-O 10. bxc4 bxc4 11. Nfd2 Na5 12. Qa4 c5 13. dxc5 Ba6 14. Nc3 Bb7 15. Rfd1 Bxg2 16. Kxg2 Qc7 17. Bf4 e5 18. Bxe5 Qxe5 19. Qxa5 Bd8 20. Qa3 Qe6 21. Qxa7 Be7 22. Qa4 Nd5 23. Nxd5 Qxd5+ 24. Kg1 c3 25. Nb3 Qf5 26. Rac1 Bf6 27. Qc4 Rfc8 28. Qd5 Qg4 29. c6 Ra8 30. Qd7 Qc4 31. Nd4 g6 32. Qd6 Kg7 33. Qf4 Ra4 34. Rc2 Rd8 35. Rdc1 Bxd4 36. exd4 Qxc6 37. Rxc3 Qd5 38. Qe5+ Qxe5 39. dxe5 Rxa2 40. Rf3 Re2 41. Rc7 Rf8 42. Re7 h6 43. Kg2 Re1 44. Rf4 Re2 45. h4 h5 46. Kf3 Re1 47. Kg2 Re2 48. Kf1 Rb2 49. e6 Rb6 50. Rexf7+ Rxf7 51. Rxf7+ Kg8 52. Rf6 Kg7 53. e7 Rb1+ 54. Ke2 Rb8 55. Re6 Re8 56. Ke3 Kf7 57. Re5 Kf6 58. Kf4 Kf7 59. Kg5 Kg7 60. Re6 Kf7 61. Rxg6 Kxe7 62. Kxh5 Rf8 63. f4 Rh8+ 64. Kg5 Rb8 65. f5 Kf7 66. g4 Rb3 67. h5 Rb4 68. h6 Rb2 69. Rg7+ Kf8 70. Ra7 Rh2 71. Kg6 Ke8 72. h7 Kd8 73. Ra8+ Ke7 74. h8=Q 1-0


[Site "https://www.chess.com"]

[Event "Titled Tuesday Blitz December 13 Early 2022"]
[White "Ansh M Shah"]
[Black "Turzo, Attila"]
[WhiteFideId "25033379"]
[BlackFideId "704954"]
[WhiteElo "2084"]
[BlackElo "2571"]
[Result "0-1"]
[Round "05"]
[TimeControl "180+1"]
[Date "2022.12.14"]
[WhiteClock "0:00:01"]
[BlackClock "0:00:19"]

1. d4 Nf6 2. c4 g6 3. h4 h5 4. Nc3 c6 5. e4 d5 6. cxd5 cxd5 7. e5 Ng4 8. f3 Nh6 9. Bd3 Nc6 10. Nge2 Nf5 11. Bxf5 Bxf5 12. Qb3 Bg7 13. Qxb7 Rc8 14. O-O O-O 15. Bg5 Na5 16. Qxe7 Qb6 17. Nxd5 Qxb2 18. Nef4 Qxd4+ 19. Kh1 Rc2 20. Nf6+ Kh8 21. e6 fxe6 22. Nd7 Rc7 23. Nxe6 Qxd7 24. Nxg7 Qxe7 25. Bxe7 Rxe7 26. Nxf5 Rxf5 27. Rac1 Kg7 28. Rc8 Nb7 29. Rb1 Nd6 30. Rc6 Nf7 31. Kh2 Ra5 32. Rb2 Ne5 33. Rc3 Ra4 34. Rcb3 Rxh4+ 35. Kg3 g5 36. Rc2 Ng6 37. Rc6 Ra4 38. a3 h4+ 39. Kh2 Rf4 40. Rb5 Ne5 41. Rcc5 Rf5 42. Ra5 Kf6 43. Ra6+ Re6 0-1


[Site "https://www.chess.com"]

[Event "Titled Tuesday Blitz December 13 Early 2022"]
[White "Aradhya, Garg"]
[Black "Kozlov, Gennady"]
[WhiteFideId "25006746"]
[BlackFideId "4191668"]
[WhiteElo "2278"]
[BlackElo "2356"]
[Result "1/2-1/2"]
[Round "05"]
[TimeControl "180+1"]
[Date "2022.12.14"]
[WhiteClock "0:00:20"]
[BlackClock "0:00:39"]

1. d4 e6 2. e4 d5 3. e5 c5 4. c3 Nc6 5. Nf3 Bd7 6. Be2 Qb6 7. dxc5 Bxc5 8. O-O f6 9. b4 Be7 10. Bf4 fxe5 11. Nxe5 Nxe5 12. Bxe5 Nf6 13. a4 Bd6 14. Bh5+ Nxh5 15. Qxh5+ g6 16. Qe2 Bxe5 17. Qxe5 O-O-O 18. Nd2 Qc7 19. Nf3 Rhf8 20. Rfe1 Rf5 21. Qd4 Rxf3 22. gxf3 Kb8 23. Qe5 Rf8 24. Kg2 Qxe5 25. Rxe5 Kc7 26. c4 Kd6 27. Re2 dxc4 28. Rc2 Bc6 29. Rxc4 Bxf3+ 30. Kg3 Bd5 31. Rf4 Rc8 32. Re1 Rc3+ 33. Re3 Rc2 34. Rf7 h5 35. Rf6 Rc4 36. Rxg6 Rxb4 37. a5 h4+ 38. Kh3 Be4 39. Rxe6+ Kxe6 40. f3 Kf5 41. fxe4+ Rxe4 42. Rb3 Re5 43. Rxb7 Rxa5 44. Kxh4 Ra2 45. h3 a5 46. Kh5 a4 47. h4 a3 48. Ra7 Kf6 49. Kh6 Rh2 50. Ra6+ Kf5 51. Ra5+ Kg4 52. Ra4+ Kf5 53. Ra5+ Ke4 54. Ra4+ Kd5 55. h5 a2 56. Kg6 Kc5 57. h6 Kb5 58. Ra8 Kb4 59. h7 Kb3 60. Rb8+ Kc3 61. Ra8 Kb2 62. Rb8+ Kc1 63. Rc8+ Kb1 64. Rb8+ Kc1 65. Rc8+ Kb2 66. Rb8+ Kc3 67. Ra8 Kb3 68. Rb8+ Ka3 69. Ra8+ Kb3 1/2-1/2


[Site "https://www.chess.com"]